[ AOE2 MATCH · #506301177 ]
UnrankedHuns vs Sicilians
Player's team · LOSS
[ REPLAY ANALYSIS · EXTRACTED FROM THE RECORDED GAME ]
Feudal
8:27
Castle
23:09
Imperial
—
| APM avg | 64.1 |
| APM peak | 99 |
| eAPM avg | 17.9 |
| Villagers / military | 83 / 47 |
Focus
⚔️ 42.3% · 🌾 57.7%
Archer ×13 · Mangonel ×12 · Cavalry Archer ×12 · Scout Cavalry ×5 · Skirmisher ×4 · Knight ×1
Feudal
9:31
Castle
26:57
Imperial
—
| APM avg | 63.8 |
| APM peak | 112 |
| eAPM avg | 28.2 |
| Villagers / military | 74 / 60 |
Focus
⚔️ 29.1% · 🌾 70.9%
Skirmisher ×32 · Serjeant ×24 · Spearman ×2 · Monk ×1 · Mangonel ×1
Match map
Initial resources + every placement click. Lines = walls · curves = elevation contours. ◆ gold · ⬟ stone · ● berries · ✦ relic · ◌ wall gap
Your base· Open — 3t gap
Leo Javier's base· Open — 1t gap
Smoothed initial terrain · ◌ = detected wall gap · hover for details
Inputs per minute
— lesuanhuy - - Leo Javier
Build order — lesuanhuy
First 150 of 211 actions detected
| 0:01 | Queue | Villager (Male) |
| 0:19 | Queue | Villager (Male) |
| 0:21 | Queue | Villager (Male) |
| 0:27 | Queue | Villager (Male) |
| 1:31 | Queue | Villager (Male) |
| 2:01 | Queue | Villager (Male) |
| 2:23 | Build | Lumber Camp |
| 2:27 | Queue | Villager (Male) |
| 2:28 | Queue | Villager (Male) |
| 2:28 | Queue | Villager (Male) |
| 3:19 | Queue | Villager (Male) |
| 3:23 | Queue | Villager (Male) |
| 3:37 | Queue | Villager (Male) |
| 4:36 | Queue | Villager (Male) |
| 4:40 | Queue | Villager (Male) |
| 4:55 | Queue | Villager (Male) |
| 5:08 | Build | Mill |
| 5:15 | Queue | Villager (Male) |
| 5:29 | Queue | Villager (Male) |
| 5:51 | Research | Loom |
| 6:16 | Research | Feudal Age |
| 6:16 | Research | Feudal Age |
| 6:16 | Research | Feudal Age |
| 6:53 | Queue | Villager (Male) |
| 7:24 | Queue | Villager (Male) |
| 7:27 | Build | Palisade Wall |
| 7:28 | Build | Palisade Wall |
| 7:29 | Build | Palisade Wall |
| 7:39 | Build | Palisade Wall |
| 7:40 | Build | Palisade Wall |
| 7:42 | Build | Palisade Wall |
| 7:42 | Build | Palisade Wall |
| 7:53 | Build | Barracks |
| 8:03 | Queue | Villager (Male) |
| 8:27 | Age | Feudal Age |
| 8:29 | Queue | Villager (Male) |
| 8:36 | Build | Stable |
| 9:10 | Research | Double-Bit Axe |
| 9:18 | Queue | Scout Cavalry |
| 9:29 | Build | Lumber Camp |
| 9:39 | Queue | Scout Cavalry |
| 9:40 | Queue | Villager (Male) |
| 9:51 | Queue | Villager (Male) |
| 9:56 | Queue | Villager (Male) |
| 10:05 | Queue | Villager (Male) |
| 10:10 | Queue | Villager (Male) |
| 10:35 | Build | Archery Range |
| 10:46 | Queue | Villager (Male) |
| 10:55 | Queue | Villager (Male) |
| 11:30 | Queue | Skirmisher |
| 11:39 | Queue | Villager (Male) |
| 11:50 | Queue | Scout Cavalry |
| 11:52 | Queue | Villager (Male) |
| 11:55 | Build | Farm |
| 12:04 | Queue | Skirmisher |
| 12:06 | Queue | Villager (Male) |
| 12:16 | Build | Farm |
| 12:23 | Build | Farm |
| 12:25 | Build | Farm |
| 12:39 | Build | Farm |
| 12:43 | Build | Farm |
| 12:44 | Queue | Skirmisher |
| 12:45 | Queue | Scout Cavalry |
| 13:03 | Queue | Archer |
| 13:07 | Build | Farm |
| 13:19 | Queue | Villager (Male) |
| 13:21 | Build | Blacksmith |
| 13:33 | Build | Mining Camp |
| 13:36 | Queue | Villager (Male) |
| 13:47 | Build | Farm |
| 13:53 | Build | Farm |
| 13:58 | Queue | Villager (Male) |
| 14:03 | Build | Farm |
| 14:10 | Queue | Villager (Male) |
| 14:14 | Build | Farm |
| 14:22 | Queue | Archer |
| 14:27 | Build | Farm |
| 14:35 | Queue | Villager (Male) |
| 14:38 | Build | Farm |
| 14:55 | Build | Watch Tower |
| 15:05 | Research | Fletching |
| 15:05 | Research | Fletching |
| 15:23 | Queue | Villager (Male) |
| 15:44 | Build | Farm |
| 15:47 | Build | Farm |
| 15:52 | Queue | Villager (Male) |
| 15:52 | Queue | Villager (Male) |
| 15:54 | Build | Farm |
| 15:56 | Queue | Archer |
| 16:07 | Queue | Archer |
| 16:09 | Queue | Villager (Male) |
| 16:39 | Queue | Archer |
| 16:40 | Queue | Villager (Male) |
| 16:41 | Build | Farm |
| 16:44 | Queue | Villager (Male) |
| 16:54 | Build | Farm |
| 16:59 | Queue | Villager (Male) |
| 17:00 | Queue | Villager (Male) |
| 17:08 | Build | Farm |
| 17:12 | Queue | Archer |
| 17:41 | Queue | Villager (Male) |
| 17:42 | Build | Farm |
| 17:48 | Build | Farm |
| 18:13 | Research | Wheelbarrow |
| 18:13 | Research | Wheelbarrow |
| 18:41 | Queue | Villager (Male) |
| 19:44 | Queue | Villager (Male) |
| 19:46 | Queue | Archer |
| 19:52 | Queue | Villager (Male) |
| 20:22 | Queue | Skirmisher |
| 20:23 | Queue | Archer |
| 20:26 | Research | Castle Age |
| 20:26 | Research | Castle Age |
| 20:31 | Queue | Archer |
| 20:37 | Build | Archery Range |
| 20:41 | Research | Padded Archer Armor |
| 20:42 | Research | Gold Mining |
| 20:42 | Research | Gold Mining |
| 20:43 | Research | Gold Mining |
| 21:01 | Queue | Villager (Male) |
| 21:23 | Queue | Archer |
| 21:25 | Queue | Villager (Male) |
| 21:54 | Queue | Archer |
| 21:54 | Queue | Archer |
| 22:23 | Queue | Villager (Male) |
| 22:28 | Queue | Villager (Male) |
| 22:40 | Queue | Archer |
| 22:53 | Queue | Villager (Male) |
| 22:56 | Queue | Villager (Male) |
| 23:09 | Age | Castle Age |
| 23:10 | Queue | Villager (Male) |
| 23:20 | Build | Market |
| 23:35 | Build | Mining Camp |
| 24:11 | Build | Town Center |
| 24:16 | Research | Crossbowman (upgrade) |
| 24:17 | Research | Crossbowman (upgrade) |
| 24:41 | Queue | Villager (Male) |
| 24:45 | Queue | Villager (Male) |
| 24:45 | Build | Farm |
| 25:07 | Queue | Villager (Male) |
| 25:08 | Queue | Cavalry Archer ×3 |
| 25:28 | Queue | Villager (Male) |
| 25:32 | Queue | Villager (Male) |
| 25:36 | Queue | Villager (Male) |
| 25:39 | Build | Watch Tower |
| 25:44 | Queue | Cavalry Archer ×3 |
| 26:23 | Queue | Villager (Male) |
| 26:25 | Queue | Villager (Male) |
| 26:31 | Build | Town Center |
| 26:42 | Build | Farm |
Build order — Leo Javier
First 150 of 234 actions detected
| 0:03 | Queue | Villager (Male) |
| 0:04 | Queue | Villager (Male) |
| 0:04 | Queue | Villager (Male) |
| 0:04 | Queue | Villager (Male) |
| 0:05 | Build | House |
| 0:07 | Build | House |
| 1:27 | Queue | Villager (Male) |
| 1:28 | Queue | Villager (Male) |
| 1:28 | Queue | Villager (Male) |
| 2:02 | Queue | Villager (Male) |
| 2:02 | Queue | Villager (Male) |
| 2:02 | Queue | Villager (Male) |
| 2:04 | Build | Lumber Camp |
| 2:42 | Queue | Villager (Male) |
| 2:42 | Queue | Villager (Male) |
| 3:11 | Queue | Villager (Male) |
| 3:11 | Queue | Villager (Male) |
| 3:39 | Build | House |
| 4:05 | Queue | Villager (Male) |
| 4:05 | Queue | Villager (Male) |
| 4:05 | Queue | Villager (Male) |
| 4:16 | Queue | Villager (Male) |
| 4:16 | Queue | Villager (Male) |
| 4:37 | Queue | Villager (Male) |
| 4:57 | Queue | Villager (Male) |
| 4:57 | Queue | Villager (Male) |
| 4:57 | Queue | Villager (Male) |
| 4:58 | Queue | Villager (Male) |
| 4:58 | Queue | Villager (Male) |
| 5:55 | Queue | Villager (Male) |
| 6:25 | Build | Mill |
| 6:42 | Build | Mill |
| 6:51 | Research | Loom |
| 6:51 | Research | Loom |
| 7:11 | Queue | Villager (Male) |
| 7:18 | Research | Feudal Age |
| 7:18 | Research | Feudal Age |
| 7:32 | Build | Mining Camp |
| 8:04 | Build | House |
| 8:42 | Build | Donjon |
| 8:55 | Build | Palisade Wall |
| 9:00 | Build | Palisade Wall |
| 9:01 | Build | Palisade Wall |
| 9:02 | Build | Palisade Wall |
| 9:03 | Build | Palisade Wall |
| 9:12 | Build | Palisade Wall |
| 9:13 | Build | Palisade Wall |
| 9:31 | Age | Feudal Age |
| 9:31 | Build | House |
| 9:44 | Queue | Serjeant |
| 9:44 | Queue | Serjeant |
| 9:45 | Queue | Serjeant |
| 9:49 | Queue | Villager (Male) |
| 9:55 | Research | Double-Bit Axe |
| 9:56 | Research | Double-Bit Axe |
| 9:58 | Queue | Villager (Male) |
| 9:58 | Queue | Villager (Male) |
| 10:02 | Build | House |
| 10:08 | Build | Mining Camp |
| 10:55 | Queue | Villager (Male) |
| 10:55 | Queue | Villager (Male) |
| 11:01 | Build | Blacksmith |
| 11:11 | Queue | Serjeant |
| 11:31 | Queue | Villager (Male) |
| 11:31 | Queue | Villager (Male) |
| 11:31 | Queue | Villager (Male) |
| 11:50 | Research | Scale Mail Armor |
| 11:51 | Research | Scale Mail Armor |
| 11:53 | Build | House |
| 12:05 | Queue | Villager (Male) |
| 12:05 | Queue | Villager (Male) |
| 12:06 | Queue | Villager (Male) |
| 12:06 | Queue | Villager (Male) |
| 12:33 | Build | Donjon |
| 12:37 | Build | Palisade Wall |
| 12:38 | Build | Palisade Wall |
| 12:44 | Build | House |
| 12:44 | Queue | Villager (Male) |
| 12:45 | Queue | Villager (Male) |
| 12:45 | Queue | Villager (Male) |
| 12:45 | Queue | Villager (Male) |
| 13:01 | Build | Palisade Wall |
| 13:10 | Queue | Serjeant |
| 13:17 | Build | Farm |
| 13:21 | Build | House |
| 13:43 | Queue | Villager (Male) |
| 13:44 | Build | Farm |
| 13:54 | Queue | Villager (Male) |
| 14:10 | Queue | Villager (Male) |
| 14:19 | Queue | Spearman |
| 14:27 | Queue | Spearman |
| 14:37 | Queue | Villager (Male) |
| 14:49 | Build | Donjon |
| 15:14 | Build | Archery Range |
| 15:19 | Queue | Villager (Male) |
| 15:19 | Queue | Villager (Male) |
| 15:20 | Queue | Villager (Male) |
| 15:28 | Queue | Serjeant |
| 15:28 | Queue | Serjeant |
| 15:36 | Build | Farm |
| 15:50 | Build | Farm |
| 15:55 | Queue | Serjeant |
| 16:00 | Build | Farm |
| 16:01 | Queue | Villager (Male) |
| 16:17 | Queue | Villager (Male) |
| 16:18 | Queue | Villager (Male) |
| 16:20 | Queue | Skirmisher |
| 16:21 | Queue | Skirmisher |
| 16:31 | Build | Donjon |
| 16:42 | Queue | Skirmisher |
| 16:45 | Queue | Villager (Male) |
| 16:59 | Queue | Villager (Male) |
| 17:09 | Build | House |
| 17:13 | Build | Farm |
| 17:22 | Build | Lumber Camp |
| 17:29 | Queue | Skirmisher |
| 17:29 | Queue | Skirmisher |
| 17:40 | Build | House |
| 18:04 | Queue | Villager (Male) |
| 18:04 | Queue | Villager (Male) |
| 18:34 | Research | Fletching |
| 18:37 | Build | Farm |
| 18:54 | Build | Donjon |
| 18:57 | Queue | Villager (Male) |
| 18:59 | Build | Farm |
| 19:00 | Build | Farm |
| 19:00 | Build | Farm |
| 19:00 | Build | Farm |
| 19:11 | Queue | Skirmisher |
| 19:11 | Queue | Skirmisher |
| 19:57 | Queue | Serjeant |
| 19:58 | Queue | Serjeant |
| 20:04 | Build | Mining Camp |
| 20:09 | Queue | Villager (Male) |
| 20:22 | Build | Farm |
| 20:22 | Build | Farm |
| 20:22 | Build | Farm |
| 20:22 | Build | Farm |
| 20:26 | Build | House |
| 20:55 | Queue | Villager (Male) |
| 21:04 | Queue | Villager (Male) |
| 21:12 | Queue | Serjeant |
| 21:13 | Queue | Serjeant |
| 21:22 | Queue | Villager (Male) |
| 21:26 | Build | Farm |
| 21:28 | Build | House |
| 21:45 | Build | Donjon |
| 21:56 | Queue | Skirmisher |
| 21:56 | Queue | Skirmisher |
| 21:59 | Queue | Villager (Male) |
Match timeline
| 7:27 | lesuanhuy · wall_segment Palisade Wall x1 |
| 7:28 | lesuanhuy · wall_segment Palisade Wall x1 |
| 7:29 | lesuanhuy · wall_segment Palisade Wall x1 |
| 7:39 | lesuanhuy · wall_segment Palisade Wall x1 |
| 7:40 | lesuanhuy · wall_segment Palisade Wall x1 |
| 7:42 | lesuanhuy · wall_segment Palisade Wall x1 |
| 7:42 | lesuanhuy · wall_segment Palisade Wall x1 |
| 7:53 | lesuanhuy · first_building Barracks |
| 8:27 | lesuanhuy · age_up feudal |
| 8:36 | lesuanhuy · first_building Stable |
| 8:42 | Leo Javier · first_building Donjon |
| 8:55 | Leo Javier · wall_segment Palisade Wall x1 |
| 9:00 | Leo Javier · wall_segment Palisade Wall x1 |
| 9:01 | Leo Javier · wall_segment Palisade Wall x1 |
| 9:02 | Leo Javier · wall_segment Palisade Wall x1 |
| 9:03 | Leo Javier · wall_segment Palisade Wall x1 |
| 9:12 | Leo Javier · wall_segment Palisade Wall x1 |
| 9:13 | Leo Javier · wall_segment Palisade Wall x1 |
| 9:31 | Leo Javier · age_up feudal |
| 10:35 | lesuanhuy · first_building Archery Range |
| 12:37 | Leo Javier · wall_segment Palisade Wall x1 |
| 12:38 | Leo Javier · wall_segment Palisade Wall x1 |
| 13:01 | Leo Javier · wall_segment Palisade Wall x1 |
| 15:14 | Leo Javier · first_building Archery Range |
| 23:09 | lesuanhuy · age_up castle |
| 24:06 | lesuanhuy · first_market_sell 500 wood |
| 24:07 | lesuanhuy · first_market_buy 100 stone |
| 24:16 | Leo Javier · first_market_buy 100 food |
| 26:52 | lesuanhuy · first_building Siege Workshop |
| 26:57 | Leo Javier · age_up castle |
| 27:27 | Leo Javier · first_market_sell 100 wood |
| 29:13 | Leo Javier · first_building Siege Workshop |
| 32:06 | Leo Javier · first_building Monastery |
| 33:12 | lesuanhuy · resign |
[ AI ANALYSIS · 1 CREDIT ]
What really happened in this match?
Wolo.gg analyzes every decision: build order, eco, micro, common mistakes by bracket. Personalized analysis on WhatsApp or Discord in 30 seconds.
Civ guide
Huns
Perfil
Jugador #21690567